 Dungeon Crawl Stone Soup version 0.31.0-11-ge490571c62 (webtiles) character file.

Game seed: 1488672775189302511

180 Curundu the Chopper (level 5, -6/48 HPs)
             Began as a Minotaur Berserker on Feb 1, 2024.
             Was a Priest of Trog.
             Killed by divine providence
             ... invoked by an orc priest
              (11 damage)
             ... on level 4 of the Dungeon.
             The game lasted 00:07:24 (2826 turns).

Curundu the Chopper (Minotaur Berserker)            Turns: 2826, Time: 00:07:26

Health: -6/48      AC: 14    Str: 23    XL:     5   Next: 33%
Magic:  4/4        EV: 10    Int:  4    God:    Trog [***...]
Gold:   292        SH:  0    Dex: 10    Spells: 4/4 levels left

rFire   . . .        o - +0 war axe
rCold   + . .        (no shield)
rNeg    . . .        v - +7 Kryia's mail coat {PotionHeal*2 rC+}
rPois   +            (helmet restricted)
rElec   .            m - +0 cloak
rCorr   .            (no gloves)
SInv    .            (no boots)
Will    .....        (no amulet) Stlth
                     g - ring of poison resistance
HPRegen 0.28/turn    (no ring)
MPRegen 0.09/turn

%: no passive effects
@: no status effects
A: horns 2, retaliatory headbutt
a: Renounce Religion, Berserk, Trog's Hand


You were on level 4 of the Dungeon.
You worshipped Trog.
Trog was most pleased with you.
You visited 1 branch of the dungeon, and saw 4 of its levels.

You collected 292 gold pieces.

Inventory:

Hand Weapons
 o - a +0 war axe (weapon)
Missiles
 w - 6 javelins (quivered)
Armour
 b - a +0 animal skin
 m - a +0 cloak (worn)
 v - the +7 Kryia's mail coat (worn) {PotionHeal*2 rC+}
   (You found it on level 4 of the Dungeon)

   PotionHeal*2: Potions heal its wearer twice as much.
   rC+:       It protects you from cold.
Jewellery
 g - a ring of poison resistance (left hand)
 j - a ring of ice
 n - an amulet of magic regeneration
Scrolls
 a - a scroll of summoning {unknown}
 e - a scroll of enchant weapon {unknown}
 k - 7 scrolls of identify {unknown}
 l - 2 scrolls of teleportation {unknown}
 q - a scroll of vulnerability {unknown}
 r - a scroll of immolation {unknown}
 s - a scroll of poison {unknown}
 t - a scroll of silence {unknown}
 x - a scroll of amnesia {unknown}
 y - a scroll of brand weapon {unknown}
Potions
 c - a potion of heal wounds {unknown}
 d - 2 potions of curing {unknown}
 f - 2 potions of attraction {unknown}
 h - a potion of degeneration {unknown}
 i - a potion of invisibility {unknown}
 p - a potion of ambrosia {unknown}
 u - a potion of brilliance {unknown}


   Skills:
 + Level 5.1 Fighting
 + Level 5.6 Axes
 + Level 2.8 Armour
 + Level 2.8 Dodging
 + Level 0.7 Stealth


You had 4 spell levels left.
You didn't know any spells.
Your spell library was empty.

Dungeon Overview and Level Annotations

Branches:
Dungeon (4/15)
 Temple: D:4-7

Altars:
Zin


Innate Abilities, Weirdness & Mutations

You have a pair of horns on your head.
You reflexively headbutt those who attack you in melee.


Message History

Beogh smites you! The orc attacks as it pursues you! The orc barely misses you.
You hear some strange, mumbled words.
You are more confused.
The orc priest invokes the aid of Beogh against you.
Beogh smites you!
You closely miss something. You hit the orc.
You kill the orc!
Trog accepts your kill.
The orc priest looks braver for a moment.
Something hits you but does no damage.
The orc priest begins to cast a cantrip, but forgets the words!
Something hits you but does no damage.
Things that are here:
a +0 club; a +0 leather armour The orc priest calls down the wrath of Beogh upon you.
Beogh smites you!
* * * LOW HITPOINT WARNING * * *
You are too confused!
Something hits you but does no damage.
You bump into the rock wall.
The orc priest mumbles some strange prayers to Beogh against you.
Pain shoots through your body!
* * * LOW HITPOINT WARNING * * *
Something hits you but does no damage.
You bump into the rock wall.
You feel less confused.
The orc priest hits you but does no damage.
Something hits you but does no damage.
You hit the orc priest. You headbutt the orc priest.
The orc priest is heavily wounded.
You miss something.
The orc priest hits you but does no damage.
Something hits you but does no damage.
You closely miss the orc priest.
You headbutt the orc priest, but do no damage.
The orc priest is heavily wounded.
You miss something.
The orc priest invokes the aid of Beogh against you.
Beogh smites you!
You die...

.## #..## ##
##.## # #..#####
#...#..###
##........###
##............
#.....)......#
#..#...........
#..##@o)........
#..#
##{........# #.#
#.......### # .#
##..##### # ####
# #


You could see an orc priest.

Vanquished Creatures
  A bombardier beetle (D:3)
  An orc wizard (D:4)
  A gnoll (D:1)
  4 adders
  2 dart slugs (D:3)
  3 ribbon worms
  An orc (D:4)
  7 ball pythons
  4 bats
  9 endoplasms
  2 giant cockroaches (D:3)
  8 goblins
  6 hobgoblins
  4 jackals (D:2)
  3 quokkas
  4 kobolds
  3 rats
63 creatures vanquished.

Notes
Turn   | Place    | Note
-------+----------+-------------------------------------------
     0 | D:1      | Curundu the Minotaur Berserker began the quest for the Orb.
     0 | D:1      | Reached XP level 1. HP: 19/19 MP: 0/0
   108 | D:1      | Reached XP level 2. HP: 27/27 MP: 1/1
   236 | D:1      | Found a faded altar of an unknown god.
   472 | D:1      | Reached XP level 3. HP: 33/33 MP: 2/2
   870 | D:2      | Reached ** piety under Trog
  1102 | D:2      | Reached XP level 4. HP: 28/41 MP: 3/3
  1224 | D:2      | Found a glowing silver altar of Zin.
  2023 | D:3      | Reached skill level 5 in Axes
  2031 | D:3      | Reached skill level 5 in Fighting
  2038 | D:3      | Reached XP level 5. HP: 42/48 MP: 4/4
  2297 | D:4      | Found the +7 Kryia's mail coat {PotionHeal*2 rC+}
  2721 | D:4      | Found a glowing silver altar of Zin.
  2819 | D:4      | Reached *** piety under Trog
  2826 | D:4      | Killed from afar by an orc priest

Illustrated notes

Levels and vault maps discovered:
D:1:      ncdulo_watergridlock, layout_basic,
          hellmonk_ecumenical_altar_leap_of_faith, minmay_fountain_box
D:2:      layout_basic, basic_altar, minmay_misc_feat_enclosed, fountainhead
D:3:      layout_basic
D:4:      layout_cave_pods, zin_academy, uniq_grinder

Skill      XL: |  1  2  3  4 |
---------------+-------------+-----
Axes           | 4 5 |  5.6
Fighting       | 4 5 |  5.1
Armour         | |  2.8
Dodging        | |  2.8
Stealth        | |  0.7

Action                     |  1- 3 |  4- 6 || total
---------------------------+-------+-------++-------
  Melee: Hand axe          |    49 |       ||    49
         Headbutt          |     9 |    11 ||    20
         Punch             |     2 |       ||     2
         War axe           |     4 |    56 ||    60
   Stab: Sleeping          |     1 |     1 ||     2
 Armour: Animal skin       |    21 |    23 ||    44
         Scale mail        |       |    25 ||    25
  Dodge: Dodged            |    38 |    22 ||    60
